 Dungeon Crawl Stone Soup version 0.30-b1-2-g02819fbbbe (webtiles) character file.

Game seed: 2410639956635465801

14 Alarkh the Vexing (level 2, 21/21 HPs)
             Began as a Demonspawn Hexslinger on July 8, 2023.
             Got out of the dungeon alive.
             The game lasted 00:00:53 (168 turns).

Alarkh the Vexing (Demonspawn Hexslinger)            Turns: 168, Time: 00:00:53

Health: 21/21      AC:  2    Str: 10    XL:     2   Next: 27%
Magic:  3/3        EV: 12    Int: 14    God:
Gold:   11         SH:  0    Dex: 13    Spells: 2/3 levels left

rFire   . . .        a - +1 sling
rCold   . . .        (no shield)
rNeg    . . .        c - +0 robe
rPois   .            (no helmet)
rElec   .            (no cloak)
rCorr   .            (no gloves)
SInv    .            (no boots)
Will    .....        (no amulet)
Stlth   +            (no ring)
HPRegen 0.23/turn    (no ring)
MPRegen 0.08/turn

%: no passive effects
@: no status effects
A: demonic magic 1
a: no special abilities


You escaped.
You visited 1 branch of the dungeon, and saw 1 of its levels.

You collected 11 gold pieces.

Inventory:

Hand Weapons
 a - a +1 sling (weapon)
Armour
 c - a +0 robe (worn)
Scrolls
 b - a scroll of poison
 e - a scroll of amnesia {unknown}
Potions
 d - a potion of invisibility {unknown}


   Skills:
 + Level 1.4 Fighting
 * Level 2.4 Ranged Weapons
 - Level 1.7 Dodging
 - Level 1.0 Spellcasting
 - Level 3.0 Hexes


You had 2 spell levels left.
You knew the following spells:

 Your Spells              Type           Power      Damage    Failure   Level
a - Slow                  Hex            36%        N/A       8%          1

Your spell library contained the following spells:

 Spells                   Type           Power      Damage    Failure   Level
 Inner Flame              Hex/Fire       4%         N/A       38%         3
 Portal Projectile        Hex/Tloc       8%         N/A       38%         3
 Cause Fear               Hex            4%         N/A       58%         4


Dungeon Overview and Level Annotations

Branches:
Dungeon (1/15)

Altars:


Innate Abilities, Weirdness & Mutations

Spells you cast may paralyse adjacent enemies.


Message History

The rat barely misses you.
Unknown command.
You shoot a sling bullet. The sling bullet hits the rat.
You kill the rat!
No target in view!
Unknown command.
Unknown command.
You enter the shallow water.
Moving in this stuff is going to be slow.
A goblin and a bat come into view.
The goblin shouts!
The goblin moves out of view.
You can't go up here!
You shoot a sling bullet. The sling bullet hits the bat.
The bat is moderately wounded.
A bat comes into view.
There are monsters nearby!
You shoot a sling bullet. The sling bullet misses the bat.
The bat closely misses you.
Unknown command.
You shoot a sling bullet. The sling bullet hits the bat.
You kill the bat!
The bat hits you but does no damage.
You shoot a sling bullet. The sling bullet misses the goblin.
The bat misses you.
Unknown command.
You shoot a sling bullet. The sling bullet hits the bat!
You kill the bat!
The goblin closely misses you.
You shoot a sling bullet. The sling bullet hits the goblin.
You kill the goblin!
Unknown command.
No target in view!
Unknown command.
Unknown command.
You enter the shallow water.
Moving in this stuff is going to be slow.
There is a staircase leading out of the dungeon here.
Are you sure you want to leave the Dungeon?
This will make you lose the game!
You have escaped!

#.≈≈~~....#...#
#~~~~.~.~~..~.#
~≈.~.~≈~≈~....#
#....≈~~≈≈~...#
# #.~~≈~≈≈≈~..#
#.#..≈≈~.≈≈~..#
#.#.~.≈..~≈~~.#
#..~~≈.~@~.~~~#
##.≈≈~..~~.≈.#
#.≈≈~~.~≈~..#
##..~≈~~~~~.###
#...≈.~~≈≈..#.#
##.#).~≈≈~~.~.#
#.##†~~~≈.~...#
##...~†.....#.##
#...~..#...#...#


There were no monsters in sight!

Vanquished Creatures
  A ball python (D:1)
  2 endoplasms (D:1)
  A giant cockroach (D:1)
  3 goblins (D:1)
  2 bats (D:1)
  3 rats (D:1)
12 creatures vanquished.

Notes
Turn   | Place    | Note
-------+----------+-------------------------------------------
     0 | D:1      | Alarkh the Demonspawn Hexslinger began the quest for the
                  | Orb.
     0 | D:1      | Reached XP level 1. HP: 15/15 MP: 2/2
   100 | D:1      | Gained mutation: Spells you cast may paralyse adjacent
                  | enemies. [demonic ancestry]
   100 | D:1      | Reached XP level 2. HP: 21/21 MP: 3/3
   101 | D:1      | Found a faded altar of an unknown god.
   168 | D:$      | Got out of the dungeon alive.

Illustrated notes

Levels and vault maps discovered:
D:1:      dpeg_arrival_subterranean_lakeside_camping, layout_rooms,
          shapermc_ecumenical_altar_flowoftime

Skill      XL: |  1 |
---------------+----+-----
Ranged Weapons | 2 |  2.4
Fighting       | |  1.4
Dodging        | |  1.7
Spellcasting   | |  1.0
Hexes          | |  3.0

Action                     || total
---------------------------++-------
   Fire: Sling             ||    30
 Armour: Robe              ||     3
  Dodge: Dodged            ||     8
